 Dungeon Crawl Stone Soup version 0.30.0-17-ge0270778cf (webtiles) character file.

Game seed: 8930024545941087262

221 Monkooky the Chopper (level 5, 0/47 HPs)
             Began as a Minotaur Fighter on May 21, 2023.
             Was a Follower of Wu Jian.
             Slain by an orc
             ... wielding a +2 whip of electrocution
              (20 damage)
             ... on level 4 of the Dungeon.
             The game lasted 00:03:26 (2589 turns).

Monkooky the Chopper (Minotaur Fighter)             Turns: 2589, Time: 00:03:26

Health: 0/47       AC: 13    Str: 22    XL:     5   Next: 65%
Magic:  4/4        EV:  6    Int:  5    God:    Wu Jian [*.....]
Gold:   181        SH:  0    Dex: 10    Spells: 4/4 levels left

rFire   . . .        c - +0 battleaxe
rCold   . . .        (shield currently unavailable)
rNeg    . . .        w - +0 plate armour
rPois   .            (helmet restricted)
rElec   .            (no cloak)
rCorr   .            e - +1 pair of gloves
SInv    .            (no boots)
Will    .....        (no amulet) Stlth
                     (no ring)
HPRegen 0.27/turn    (no ring)
MPRegen 0.09/turn

%: no passive effects
@: no status effects
A: horns 2, retaliatory headbutt
a: Renounce Religion


You were on level 4 of the Dungeon.
You worshipped Wu Jian.
Wu Jian was aware of your devotion.
You visited 1 branch of the dungeon, and saw 4 of its levels.

You collected 181 gold pieces.

Inventory:

Hand Weapons
 a - a +0 war axe
 c - a +0 battleaxe (weapon)
Armour
 b - a +0 scale mail
 e - a +1 pair of gloves (worn)
 n - a +0 tower shield
 w - a +0 plate armour (worn)
Jewellery
 s - a ring of magical power
 u - a ring of poison resistance
Wands
 y - a wand of light (11)
Scrolls
 f - 3 scrolls of noise {unknown}
 g - a scroll of fear {unknown}
 j - 6 scrolls of identify {unknown}
 k - 2 scrolls of enchant armour {unknown}
 x - a scroll of blinking {unknown}
 z - a scroll of silence {unknown}
Potions
 d - a potion of might
 h - a potion of ambrosia
 i - 2 potions of heal wounds {unknown}
 l - a potion of resistance {unknown}
 m - 2 potions of invisibility {unknown}
 o - a potion of curing {unknown}
 p - 2 potions of brilliance {unknown}
 q - a potion of cancellation {unknown}
 r - 2 potions of mutation {unknown}
 t - a potion of flight {unknown}
 v - a potion of haste {unknown}


   Skills:
 + Level 4.7 Fighting
 * Level 6.2 Axes
 + Level 3.9 Armour
 - Level 3.8 Shields


You had 4 spell levels left.
You didn't know any spells.
Your spell library contained the following spells:

 Spells                   Type           Power      Damage    Failure   Level
 Sting                    Tmut/Pois      0%         1d3       100%        1
 Lesser Beckoning         Tloc           0%         N/A       100%        2
 Poisonous Vapours        Pois/Air       0%         N/A       100%        2
 Gell's Gravitas          Tloc           0%         N/A       100%        3
 Portal Projectile        Hex/Tloc       0%         N/A       100%        3
 Teleport Other           Tloc           0%         N/A       100%        3
 Tukima's Dance           Hex            0%         N/A       100%        3
 Vhi's Electric Charge    Tloc/Air       0%         N/A       100%        3
 Olgreb's Toxic Radiance  Pois           0%         N/A       100%        4
 Arcjolt                  Conj/Air       0%         1d10      100%        5
 Blade Hands              Tmut           0%         N/A       100%        5
 Dispersal                Tloc           0%         N/A       100%        6
 Plasma Beam              Fire/Air       0%         2x1d11    100%        6


Dungeon Overview and Level Annotations

Branches:
Dungeon (4/15)
 Temple: D:4-7

Altars:
Elyvilon
Hepliaklqana
Wu Jian
Zin
The Shining One


Innate Abilities, Weirdness & Mutations

You have a pair of horns on your head.
You reflexively headbutt those who attack you in melee.


Message History

No target in view!
You open the door.
There is an open door here.
There is an open door here.
Found a stone staircase leading down.
As you open the door, it creaks loudly!
There is an open door here.
You open the door.
A kobold comes into view. It is wielding a +0 whip.
The kobold shouts!
Found a fizzy coppery potion and a lumpy cyan potion.
A kobold is nearby!
An orc comes into view. It is wielding a +0 mace.
The orc shouts!
An orc comes into view.
It is wielding a +2 whip of electrocution.
There is an open door here.
A giant cockroach comes into view.
The kobold barely misses you.
You closely miss the kobold. Your headbutt misses the kobold.
The kobold hits you but does no damage.
The giant cockroach waves its antennae.
The kobold hits you but does no damage. The orc hits you with a +0 mace.
You closely miss the kobold. You closely miss the orc. You hit the orc.
The orc hits you with a +0 mace. The kobold hits you but does no damage.
The orc hits you but does no damage.
You barely miss the orc.
The orc is heavily wounded.
You miss the kobold. You barely miss the orc.
The orc hits you but does no damage.
The orc hits you with a +2 whip of electrocution.
The kobold hits you but does no damage. x2
The orc hits you but does no damage.
You are electrocuted!
The orc barely misses you. You furiously retaliate!
You headbutt the orc. You barely miss the orc.
The orc is heavily wounded.
You hit the orc but do no damage. You miss the kobold.
The orc hits you with a +0 mace.
The orc hits you with a +2 whip of electrocution.
You are electrocuted!!
You die...

......#
#.....#..#.............
......#
#.....#+##.............
##....#..##....########
#....#...#....#
+....#...'....#
#....#...#....#
#....#'###....########
#...!.####..........
#..@!.# #.....^....
#.Koo.# #..........
#..B..# +..........
#.....+ #..........
#.....# #..........
##+#... ###########
.... #.... ....+ #....
#....


You could see 2 orcs, a giant cockroach and a kobold.

Vanquished Creatures
  A hound (D:4)
  An iguana (D:4)
  An orc wizard (D:3)
  3 adders
  An ufetubus (D:4)
  A worm (D:3)
  5 dart slugs
  6 orcs
  5 ball pythons
  9 endoplasms
  2 giant cockroaches (D:1)
  7 goblins
  10 hobgoblins
  10 jackals
  3 kobolds
  A quokka (D:1)
  6 bats
  6 frilled lizards
  4 rats
82 creatures vanquished.

Notes
Turn   | Place    | Note
-------+----------+-------------------------------------------
     0 | D:1      | Monkooky the Minotaur Fighter began the quest for the Orb.
     0 | D:1      | Reached XP level 1. HP: 19/19 MP: 0/0
    33 | D:1      | Reached XP level 2. HP: 21/27 MP: 1/1
   175 | D:1      | Reached skill level 3 in Axes
   611 | D:2      | Reached XP level 3. HP: 33/33 MP: 2/2
   682 | D:2      | Reached skill level 4 in Axes
   772 | D:2      | Identified the +6 dagger of Ushema {venom, Str+3}
   857 | D:2      | Identified the +7 dagger "Murmur" {chaos, Drain rF+ Int+3}
  1305 | D:3      | Reached XP level 4. HP: 40/40 MP: 3/3
  1356 | D:3      | Reached skill level 5 in Axes
  1803 | D:3      | Found a hazy altar of Hepliaklqana.
  1805 | D:3      | Found a faded altar of an unknown god.
  1936 | D:3      | Prayed at the altar of an unknown god.
  1936 | D:3      | Became a worshipper of the Wu Jian Council
  1936 | D:3      | Reached * piety under Wu Jian
  2046 | D:4      | Reached XP level 5. HP: 7/47 MP: 4/4
  2264 | D:4      | Reached skill level 6 in Axes
  2496 | D:4      | Found a white marble altar of Elyvilon.
  2498 | D:4      | Found a glowing silver altar of Zin.
  2499 | D:4      | Found a glowing golden altar of the Shining One.
  2589 | D:4      | Slain by an orc

Illustrated notes

Levels and vault maps discovered:
D:1:      saegor_arrival_simple_b, layout_rooms, serial_forest,
          infiniplex_forest_zigzag_2, infiniplex_forest_straight_2,
          infiniplex_forest_lined_2, infiniplex_forest_zigzag_2,
          infiniplex_forest_straight_2, minmay_indecisive_spiral
D:2:      layout_rooms
D:3:      layout_loops_cross, beargit_hepliaklqana_dungeon_heroes
D:4:      layout_gridville, good_gods_temple_1

Skill      XL: |  1  2  3  4  5 |
---------------+----------------+-----
Axes           | 3 4 5 6 |  6.2
Fighting       | 4 |  4.7
Armour         | |  3.9
Shields        | |  3.8

Action                     |  1- 3 |  4- 6 || total
---------------------------+-------+-------++-------
  Melee: War axe           |    85 |       ||    85
         Headbutt          |    10 |     7 ||    17
         Battleaxe         |    19 |    69 ||    88
Ability: Lunge             |       |     4 ||     4
         Whirlwind         |       |     1 ||     1
    Use: Potion            |       |     1 ||     1
 Armour: Scale mail        |    63 |    38 ||   101
         Plate armour      |       |    13 ||    13
  Dodge: Dodged            |    43 |    37 ||    80
  Block: Buckler           |    17 |       ||    17
